Map: [ESL] Oceanborn

Players

PAPl

  • Race: Protoss Protoss
  • Spawn Location: 5:00

DnS - Winner!

  • Race: Protoss Protoss
  • Spawn Location: 11:00

Event: ESL SC2 Masters 2023 Winter (Regional)

VOD

Have the link to the VOD?

Description

Time

  • Played on: Nov. 2, 2023, 12:36 p.m.
  • Length: 16:06

All games in this series

Show
View Real Time Build Order
Export as new Build Order

PAPl Protoss 

Build Orders: Phoenix Opening, Blink Stalkers 

Get SALT Encoding   

  12  0:00  Probe  
  13  0:12  Probe  
  14  0:17  Pylon  
  14  0:24  Probe (Chrono Boost)  
  15  0:36  Probe (Chrono Boost)  
  15  0:37  Gateway  
  16  0:45  Probe (Chrono Boost)  
  16  0:46  Assimilator  
  17  0:51  Probe  
  17  0:54  Assimilator  
  18  1:03  Probe (Chrono Boost)  
  19  1:07  Gateway  
  19  1:12  Probe (Chrono Boost)  
  19  1:17  Probe (Chrono Boost)  
  20  1:24  Cybernetics Core  
  21  1:29  Probe  
  22  1:33  Pylon  
  22  1:41  Probe  
  23  1:53  Probe  
  24  2:00  Stalker  
  26  2:01  Warp Gate  
  26  2:05  Probe  
  26  2:07  Stalker  
  29  2:10  Pylon  
  29  2:30  Sentry  
  31  2:37  Nexus  
  31  2:40  Probe (Chrono Boost)  
  32  2:47  Sentry  
  32  2:49  Probe (Chrono Boost)  
  35  2:55  Twilight Council  
  35  2:58  Probe  
  35  3:05  Pylon  
  36  3:10  Probe  
  37  3:17  Sentry  
  39  3:23  Probe  
  39  3:26  Shield Battery  
  40  3:34  Blink (Chrono Boost)  
  40  3:35  Probe  
  40  3:39  Phoenix  
  42  3:51  Probe x2 (Chrono Boost)  
  42  3:53  Stalker  
  45  4:00  Probe (Chrono Boost), Stalker  
  49  4:02  Probe (Chrono Boost)  
  49  4:05  Probe (Chrono Boost)  
  50  4:11  Probe  
  51  4:17  Nexus, Probe  
  51  4:24  Shield Battery  
  51  4:27  Stalker  
  51  4:31  Probe  
  54  4:37  Pylon  
  54  4:39  Stalker  
  54  4:41  Probe  
  54  4:44  Probe  
  58  4:51  Shield Battery  
  58  4:54  Stalker  
  60  5:03  Stalker  
  60  5:07  Probe  
  59  5:18  Probe  
  59  5:19  Probe  
  59  5:21  Stalker  
  55  5:28  Stalker  
  55  5:30  Probe  
  55  5:34  Probe  
  59  5:42  Probe  
  56  5:46  Probe  
  56  5:48  Phoenix  
  55  5:51  Robotics Facility  
  55  5:52  Gateway, Probe  
  55  5:53  Gateway, Stalker x2  
  55  5:54  Probe  
  61  5:58  Probe  
  61  6:01  Assimilator  
  62  6:04  Shield Battery  
  62  6:05  Probe  
  62  6:06  Probe  
  62  6:10  Probe, Forge, Stalker x2  
  69  6:17  Probe  
  70  6:18  Probe  
  70  6:19  Charge  
  70  6:22  Probe  
  72  6:27  Shield Battery  
  72  6:29  Probe  
  72  6:30  Probe  
  74  6:34  Probe  
  74  6:35  Assimilator  
  74  6:36  Protoss Ground Weapons Level 1 (Chrono Boost)  
  74  6:37  Zealot x2  
  74  6:38  Immortal (Chrono Boost)  
  85  6:48  Gateway x2  
  85  6:50  Probe, Pylon  
  84  6:55  Gateway  
  84  6:56  Gateway  
  84  7:05  Observer (Chrono Boost)  
  85  7:09  Zealot  
  85  7:10  Zealot  
  85  7:13  Nexus, Stalker  
  85  7:14  Pylon  
  91  7:17  Templar Archives  
  91  7:18  Probe  
  93  7:22  Probe  
  93  7:27  Pylon  
  93  7:29  Pylon  
  93  7:34  Zealot x3, Pylon  
  99  7:37  Zealot  
  99  7:40  Shield Battery  
  99  7:42  Shield Battery  
  101  7:46  Shield Battery  
  101  7:50  Observer, Zealot x2  
  105  7:52  Probe x2  
  105  7:55  High Templar  
  105  7:56  High Templar  
  111  8:00  Archon  
  111  8:01  Zealot x3  
  117  8:08  Immortal  
  120  8:18  Zealot x2  
  123  8:23  Protoss Ground Weapons Level 2 (Chrono Boost), Stalker x2  
  126  8:27  Probe x3  
  128  8:37  Zealot x3  
  128  8:40  Assimilator, Probe  
  135  8:41  Probe  
  135  8:42  Assimilator, Probe  
  135  8:44  Probe  
  138  8:50  Warp Prism, Pylon  
  138  8:55  Pylon  
  140  9:08  Probe x4  
  144  9:10  High Templar x2  
  144  9:14  High Templar  
  144  9:15  High Templar, Zealot x2  
  156  9:17  Archon  
  156  9:20  Pylon  
  156  9:22  Gateway, Archon, Pylon  
  156  9:25  Gateway  
  156  9:28  Photon Cannon  
  156  9:30  Photon Cannon, Pylon  
  156  9:35  Gateway  
  156  9:39  High Templar x2  
  156  9:40  Gateway  
  160  9:46  High Templar x2, Archon  
  160  9:50  Zealot x4  
  160  9:51  Archon  
  172  10:00  Pylon  
  172  10:05  Gateway  
  172  10:07  Gateway  
  172  10:09  Protoss Ground Armor Level 1 (Chrono Boost)  
  170  10:15  Zealot x3  
  170  10:16  Zealot x3  
  170  10:20  Zealot x3  
  142  10:22  Zealot  
  117  10:34  Zealot  
  99  10:36  Zealot x6  
  107  10:48  Zealot x5  
  96  10:58  High Templar x2  
  96  10:59  High Templar x4  
  104  11:05  Pylon  
  104  11:06  Archon x3  
  104  11:07  Zealot x2  
  104  11:08  Zealot x4  
  114  11:14  Observer  
  114  11:16  Photon Cannon  
  114  11:17  Probe  
  116  11:19  Stalker x2  
  118  11:32  Stalker  
  118  11:33  High Templar, Stalker  
  118  11:34  High Templar, Zealot x3  
  118  11:35  Zealot x4  
  118  11:37  Archon  
  118  11:39  Zealot  
  140  11:55  Zealot  
  140  11:56  Zealot x7, High Templar  
  140  11:57  High Templar  
  158  12:01  Archon  
  158  12:08  Stalker x3  
  156  12:10  Observer  
  152  12:19  Observer  
  152  12:20  Zealot x6  
  156  12:24  High Templar x2  
  156  12:26  Zealot  
  156  12:29  Archon  
  144  12:37  Observer  
  144  12:39  Zealot x5  
  143  12:50  Zealot x2  
  143  12:51  Zealot  
  143  12:55  Stalker x2  
  143  12:56  Stalker  
  137  13:13  Probe  
  137  13:19  Zealot x4, Stalker x3  
  142  13:20  Stalker x3  
  130  13:31  Probe  
  107  13:34  Probe  
  107  13:36  Probe  
  103  13:42  Zealot x3  
  103  13:45  Zealot  
  103  13:46  Zealot x6  
  109  13:56  Probe  
  109  14:02  Pylon  
  106  14:03  Zealot x3  
  106  14:04  Zealot x3  
  113  14:12  Immortal (Chrono Boost)  
  113  14:22  Stalker x4  
  113  14:29  Pylon  
  113  14:30  High Templar x4  
  111  14:34  Archon x2  
  98  14:43  Observer (Chrono Boost)  
  99  14:47  Zealot  
  99  14:49  Zealot x5  
  111  14:59  Stalker x2  
  110  15:07  Stalker x2  
  110  15:11  Zealot x2  
  118  15:21  Stalker x2  
  118  15:22  Stalker  
  106  15:38  Observer (Chrono Boost)  
  106  15:41  Pylon  
  106  15:42  Zealot x2  
  103  15:43  Zealot x5  
  105  15:50  Stalker x2  
Show
View Real Time Build Order
Export as new Build Order

DnS Protoss - Winner!

Build Orders: Blink Stalkers 

Get SALT Encoding   

  12  0:00  Probe  
  13  0:12  Probe  
  14  0:17  Pylon  
  14  0:24  Probe (Chrono Boost)  
  15  0:36  Probe (Chrono Boost)  
  15  0:37  Gateway  
  16  0:44  Probe (Chrono Boost)  
  16  0:45  Assimilator  
  17  0:51  Probe  
  17  0:54  Assimilator  
  18  1:03  Probe (Chrono Boost)  
  19  1:06  Gateway  
  20  1:12  Probe (Chrono Boost)  
  20  1:17  Probe (Chrono Boost)  
  20  1:24  Cybernetics Core  
  21  1:29  Probe  
  22  1:34  Pylon  
  22  1:41  Probe  
  23  1:53  Probe  
  24  2:00  Sentry, Warp Gate, Stalker  
  28  2:06  Probe  
  29  2:16  Pylon  
  29  2:22  Stalker  
  31  2:34  Stalker  
  33  2:52  Nexus, Sentry  
  33  2:57  Probe  
  36  3:06  Pylon  
  36  3:07  Sentry  
  36  3:11  Probe  
  39  3:17  Twilight Council  
  39  3:24  Probe (Chrono Boost)  
  41  3:34  Probe (Chrono Boost)  
  41  3:39  Probe (Chrono Boost)  
  42  3:49  Blink (Chrono Boost), Adept x2  
  42  3:50  Probe  
  47  4:04  Probe (Chrono Boost)  
  47  4:08  Probe (Chrono Boost)  
  49  4:12  Stalker  
  49  4:13  Stalker  
  49  4:14  Probe (Chrono Boost)  
  55  4:17  Probe (Chrono Boost)  
  55  4:19  Probe (Chrono Boost)  
  56  4:27  Probe  
  56  4:30  Probe  
  58  4:36  Stalker  
  58  4:37  Stalker  
  62  4:39  Pylon  
  62  4:56  Nexus  
  62  4:57  Probe x2  
  64  5:06  Stalker x2  
  66  5:09  Probe x2  
  63  5:21  Probe  
  63  5:23  Robotics Facility, Probe  
  63  5:26  Assimilator  
  58  5:33  Probe  
  57  5:38  Probe  
  57  5:41  Stalker x2  
  56  5:51  Probe  
  56  5:53  Pylon  
  57  5:58  Gateway, Forge, Probe (Chrono Boost)  
  57  6:00  Gateway  
  58  6:05  Sentry, Stalker  
  58  6:07  Probe (Chrono Boost)  
  58  6:09  Probe (Chrono Boost)  
  58  6:10  Probe (Chrono Boost)  
  66  6:11  Observer (Chrono Boost)  
  66  6:13  Shield Battery  
  66  6:18  Probe (Chrono Boost)  
  69  6:19  Probe x2 (Chrono Boost)  
  69  6:23  Probe x2 (Chrono Boost)  
  69  6:24  Probe  
  71  6:28  Immortal (Chrono Boost)  
  71  6:30  Protoss Ground Weapons Level 1 (Chrono Boost)  
  76  6:33  Probe  
  76  6:34  Stalker  
  76  6:35  Probe  
  76  6:36  Probe  
  76  6:38  Assimilator  
  76  6:39  Pylon  
  81  6:45  Probe  
  82  6:50  Charge  
  82  6:54  Gateway  
  82  6:55  Gateway  
  82  6:58  Gateway  
  82  7:00  Gateway  
  82  7:04  Stalker x3  
  82  7:05  Zealot  
  90  7:12  Observer  
  90  7:13  Pylon  
  90  7:21  Nexus  
  90  7:24  Pylon  
  90  7:25  Pylon  
  90  7:30  Templar Archives  
  90  7:35  Zealot x4  
  98  7:39  Probe x3  
  98  7:40  Pylon  
  101  7:45  Warp Prism  
  103  7:58  Photon Cannon  
  103  8:00  Zealot x5  
  103  8:02  Zealot  
  115  8:07  High Templar x2  
  115  8:08  Pylon, Probe  
  120  8:12  Archon  
  120  8:15  Protoss Ground Weapons Level 2 (Chrono Boost)  
  118  8:28  Gateway  
  118  8:30  Gateway  
  118  8:31  Shield Battery  
  118  8:33  Pylon  
  118  8:35  High Templar x2, Zealot x4  
  118  8:38  Probe x2  
  118  8:39  Archon, Probe  
  133  8:43  Shield Battery  
  133  8:47  Probe  
  134  8:50  Zealot x2, Probe  
  134  8:51  Probe  
  140  8:57  High Templar  
  140  8:58  Pylon  
  140  8:59  High Templar  
  140  9:00  Zealot x2  
  148  9:03  Probe x3  
  148  9:05  Archon  
  151  9:11  Photon Cannon  
  151  9:13  Zealot x4  
  151  9:15  Photon Cannon  
  159  9:18  Dark Shrine  
  159  9:22  Pylon  
  159  9:24  Zealot x3  
  165  9:25  Pylon  
  165  9:31  Assimilator  
  165  9:39  Zealot x3  
  165  9:44  Pylon x2  
  165  9:45  Observer, Pylon  
  171  10:04  High Templar x2, Zealot x3  
  171  10:05  Nexus, Zealot x5  
  171  10:06  Observer, Pylon  
  192  10:09  Archon  
  148  10:27  Zealot x3  
  148  10:28  Zealot x5  
  144  10:32  Immortal  
  102  10:52  Stalker x10  
  102  10:56  Probe  
  102  10:57  Probe x3  
  117  10:59  Photon Cannon  
  117  11:00  Shield Battery  
  114  11:07  Protoss Ground Weapons Level 3 (Chrono Boost)  
  112  11:13  Warp Prism (Chrono Boost)  
  110  11:21  Stalker x8  
  110  11:23  Shield Battery  
  126  11:27  Pylon  
  126  11:32  Zealot x2  
  129  11:44  Stalker  
  129  11:45  Zealot, Stalker x6  
  145  11:49  Pylon  
  139  12:00  Stalker x2  
  139  12:07  Zealot x4  
  139  12:08  Zealot x4  
  147  12:23  Immortal (Chrono Boost)  
  147  12:26  Dark Templar  
  147  12:27  Dark Templar  
  147  12:28  Zealot x7  
  144  12:43  Stalker  
  131  12:50  Stalker x7  
  142  12:51  Probe  
  133  13:03  Probe  
  130  13:09  Nexus  
  124  13:13  Zealot x2  
  124  13:14  Zealot x8  
  108  13:35  Observer (Chrono Boost)  
  108  13:36  Zealot  
  108  13:37  Zealot x9  
  125  13:46  Pylon  
  115  13:57  Dark Templar  
  115  14:02  Stalker x7  
  123  14:07  Probe x2  
  119  14:17  Stalker x2  
  119  14:18  Probe x2  
  119  14:19  Probe x2  
  113  14:38  Stalker x6  
  119  14:40  Zealot x2  
  119  14:42  Probe x3  
  119  14:43  Assimilator  
  119  14:44  Assimilator  
  126  15:01  Zealot x6  
  126  15:03  Nexus  
  130  15:09  Observer (Chrono Boost)  
  130  15:13  Dark Templar x3  
  137  15:18  Pylon  
  137  15:21  Stalker  
  119  15:40  Stalker x6  
  127  15:50  Stalker x4  
  127  15:52  Shield Battery  
  129  16:03  Stalker x4  
Tags
 
Add a new tag
Caveats
  • Supply blocks, unpowered buildings, or Contaminate may cause inaccurate times.
  • Supply counts are checked every 10 seconds.